 Dungeon Crawl Stone Soup version 0.27.0-1-g7a089689b8 (webtiles) character file.

Game seed: 14391863081759051121

841 freelancePsychic the Skirmisher (level 8, -1/62 HPs)
             Began as a Djinni Artificer on Aug 13, 2021.
             Slain by an unseen horror (8 damage)
             ... on level 5 of the Dungeon.
             The game lasted 00:12:19 (6526 turns).

freelancePsychic the Skirmisher (Djinni Artificer)  Turns: 6526, Time: 00:12:20

Health: -1/62      AC:  7    Str: 11    XL:     8   Next: 19%
Gold:   97         EV: 11    Int: 14    God:
                   SH:  0    Dex: 15

rFire    + + .     SeeInvis .   b - +4 demon whip (elec)
rCold    x . .     Faith    .   (no shield)
rNeg     . . .     Spirit   .   n - +0 ring mail
rPois    ∞         Reflect  .   j - +2 hat
rElec    .         Harm     .   (no cloak)
rCorr    .         Rampage  .   (no gloves)
Will     .....                  (boots unavailable)
Stlth    +.........             (no amulet)
HPRegen  0.20/turn              (no ring)
MPRegen  0.00/turn              (no ring)

@: about to teleport, flying
A: sickness immunity, fire resistance 2, cold vulnerability 1, float, innate
caster, hp casting, extra vitality 1
a: no special abilities


You were on level 5 of the Dungeon.
You visited 1 branch of the dungeon, and saw 6 of its levels.

You collected 192 gold pieces.
You spent 95 gold pieces at shops.

Inventory:

Hand Weapons
 a - a +2 short sword of venom
 b - a +4 demon whip of electrocution (weapon)
Armour
 h - a +0 tower shield
 j - a +2 hat (worn)
 l - a +0 leather armour
 n - a +0 ring mail (worn)
Jewellery
 g - a ring of fire
Wands
 c - a wand of flame (6) (quivered)
 d - a wand of charming (14)
Scrolls
 f - a scroll of blinking
 k - 2 scrolls of teleportation {@r4}
 m - 2 scrolls of identify {@r1}
Potions
 i - a potion of flight
Miscellaneous
 e - a piece from Xom's chessboard (9/15)


   Skills:
 + Level 6.5 Fighting
 - Level 3.0 Short Blades
 * Level 2.7 Maces & Flails
 - Level 1.0 Armour
 + Level 3.1 Dodging
 - Level 0.7 Stealth
 - Level 0.7 Spellcasting
 - Level 3.0 Evocations


You had 2 spell levels left.
You knew the following spells:

 Your Spells              Type           Power      Damage    Failure   Level
a - Apportation           Tloc           4%         N/A       43%         1
b - Corpse Rot            Necr/Air       N/A        N/A       56%         2
c - Gell's Gravitas       Tloc           1%         N/A       80%         3
Your spell library was empty.

Dungeon Overview and Level Annotations

Branches:
Dungeon (6/15)
 Temple: D:4-7

Altars:
Cheibriados
Gozag

Shops:
D:1 ::   D:4 ?   D:5 *

Annotations:
D:3 3 runed translucent doors, ratboy's ghost, weakling TrHu


Innate Abilities, Weirdness & Mutations

You are immune to sickness and miasma.
You are immune to poison.
Your flesh is very heat resistant. (rF++)
You are vulnerable to cold. (rC-)
You float through the air rather than walking.
You learn spells naturally, not from books.
Your magical power is your life essence.
You have superior vitality. (+4 HP)


Message History

There is a stone staircase leading down here.
Things that are here:
a +0 flail; a gnoll skeleton
There is a strange disturbance nearby!
Deactivating autopickup; reactivate with Ctrl-A.
You closely miss something. Something hits you but does no damage.
Something hits you! Something hits you.
You whack something! Lightning courses through something!
Something hits you but does no damage. Something hits you. Something hits you.
Something hits you. Something hits you!
Okay, then.
Okay, then.
You can't see anything.
Try to make a move anyway?
You make a move on Xom's chessboard...
Nothing appears to happen.
Something hits you.
You can't see anything.
Try to make a move anyway?
You make a move on Xom's chessboard...
Nothing appears to happen.
Something hits you!
You can't see anything.
Try to make a move anyway? [Y]es or [N]o only, please.
You can't see anything.
Try to make a move anyway?
Okay, then.
Something hits you. Something hits you!
* * * LOW HITPOINT WARNING * * *
Something hits you.
* * * LOW HITPOINT WARNING * * *
As you read the scroll of teleportation {@r4}, it crumbles to dust.
You feel strangely unstable. Something hits you.
* * * LOW HITPOINT WARNING * * *
Something hits you.
* * * LOW HITPOINT WARNING * * *
Blink to where?
Press: ? - help, Dir - move target
As you read the scroll of blinking, it crumbles to dust.
Something hits you!
You die...

##.### #................
#.).# #................
###.####.........#.....
#.)####...#..........
##..........###......
######.........).....
########........###..#...#..
#............)...#..####...#
#..........@.......####.....
#...........................
#...............<.#####.....
#................## #.....
#......#...#....## #.....
################# #.....
#..... #..... #.....


There were no monsters in sight!

Vanquished Creatures
  Edmund (D:5)
  An orc warrior (D:4)
  A sky beast (D:5)
  A water moccasin zombie (D:5)
  A scorpion (D:5)
  A water moccasin skeleton (D:4)
  2 hounds
  2 iguanas
  A centaur skeleton (D:5)
  A hound skeleton (D:5)
  Robin (D:3)
  6 adders
  6 gnolls
  A white imp (D:5)
  2 ufetubi (D:5)
  10 orcs
  4 bats
  8 endoplasms
  A giant cockroach (D:4)
  15 goblins
  7 hobgoblins
  5 jackals
  8 ball pythons
  A frilled lizard (D:1)
  4 kobolds
  4 rats
95 creatures vanquished.

Vanquished Creatures (others)
  A goblin (D:3)
1 creature vanquished.

Grand Total: 96 creatures vanquished

Notes
Turn   | Place    | Note
-------+----------+-------------------------------------------
     0 | D:1      | freelancePsychic the Djinni Artificer began the quest for
                  | the Orb.
     0 | D:1      | Reached XP level 1. HP: 17/17 MP: 0/0
   360 | D:1      | Reached XP level 2. HP: 22/22 MP: 0/0
   567 | D:1      | Found Rucux's Book Shoppe.
   653 | D:1      | Reached skill level 2 in Fighting
   763 | D:1      | Found Idomio's Book Boutique.
   895 | D:1      | Reached XP level 3. HP: 25/28 MP: 0/0
   895 | D:1      | Learned a level 1 spell: Apportation
  1168 | D:1      | Found a faded altar of an unknown god.
  2015 | D:2      | Reached XP level 4. HP: 31/34 MP: 0/0
  2165 | D:2      | Reached skill level 3 in Fighting
  2246 | D:3      | Reached skill level 1 in Short Blades
  2383 | D:3      | Found an opulent altar of Gozag.
  2606 | D:3      | Found a snail-covered altar of Cheibriados.
  2662 | D:3      | Found a runed translucent gate.
  2663 | D:3      | Found a runed translucent gate.
  2664 | D:3      | Found a runed translucent gate.
  2666 | D:3      | Noticed ratboy's ghost (weakling TrHu)
  2666 | D:3      | Noticed a kobold brigand
  2827 | D:3      | Noticed Robin
  2888 | D:3      | Killed Robin
  2889 | D:3      | Reached XP level 5. HP: 16/40 MP: 0/0
  2889 | D:3      | Learned a level 2 spell: Corpse Rot
  3787 | D:4      | Found Cocsifi's Magic Scroll Shop.
  3796 | D:4      | Bought a scroll of blinking for 75 gold pieces
  3935 | D:4      | Reached skill level 4 in Fighting
  4345 | D:4      | Reached XP level 6. HP: 48/48 MP: 0/0
  4600 | D:5      | Entered Level 5 of the Dungeon
  4610 | D:5      | Reached skill level 5 in Fighting
  4989 | D:5      | Reached XP level 7. HP: 9/54 MP: 0/0
  4989 | D:5      | Learned a level 3 spell: Gell's Gravitas
  5400 | D:5      | Found Giot's Assorted Antiques.
  5409 | D:5      | Bought a scroll labelled ACOVVI MEPNIETT for 20 gold pieces
  5432 | D:5      | Reached skill level 6 in Fighting
  5432 | D:5      | Reached skill level 1 in Maces & Flails
  5432 | D:5      | Noticed Edmund
  5871 | D:5      | Reached XP level 8. HP: 62/62 MP: 0/0
  5960 | D:5      | Killed Edmund
  6526 | D:5      | Slain by an unseen horror

Illustrated notes

Levels and vault maps discovered:
D:1:      lightli_arrival_lavapool, layout_basic, serial_shops,
          nicolae_shop_waterfront, nicolae_lakefront_shop,
          shapermc_ecumenical_altar_mp_vishouse
D:2:      layout_rooms
D:3:      minmay_evil_eye, layout_loops_corners, mainiacjoe_overflow_alcove_1,
          mainiacjoe_overflow_surrounded_room, gammafunk_ghost_nasty_kobolds,
          chequers_serial_rivers_micro_b, uniq_robin
D:4:      layout_basic, serial_corexii_hall, corexii_hall_statues_i,
          corexii_hall_statues_x, serial_shops, nicolae_shop_trees
D:5:      layout_rooms, serial_shops, shop, uniq_edmund
D:6:      layout_cave_pools, mainiacjoe_overflow_big_doors,
          minmay_temple_entry_grid, minmay_microvault

Skill      XL: |  1  2  3  4  5  6  7  8 |
---------------+-------------------------+-----
Fighting       | 2 3 4 5 6 |  6.5
Short Blades   | 1 2 3 |  3.0
Maces & Flails | 2 |  2.7
Dodging        | 3 |  3.1
Armour         | |  1.0
Stealth        | |  0.7
Spellcasting   | |  0.7
Evocations     | |  3.0

Action                   |  1- 3 |  4- 6 |  7- 9 || total
-------------------------+-------+-------+-------++-------
Melee: Club              |    25 |       |       ||    25
       Short sword       |    54 |   161 |     6 ||   221
       Dagger            |    14 |       |       ||    14
       Demon whip        |       |       |    37 ||    37
Evoke: Wand              |     7 |     2 |     1 ||    10
       Piece from Xom's  |     4 |       |     7 ||    11
  Use: Scroll            |     2 |     3 |     5 ||    10
       Potion            |       |     1 |     1 ||     2
 Stab: Paralysed         |     1 |       |       ||     1
       Sleeping          |     1 |       |       ||     1
Armor: Leather armour    |    32 |     1 |       ||    33
       Ring mail         |       |    57 |    32 ||    89
       Skin              |       |     5 |       ||     5
Dodge: Dodged            |    68 |    83 |    29 ||   180
